 Dungeon Crawl Stone Soup version 0.15-a0-1485-g692b94f (webtiles) character file.

38 Psiweapon the Twirler (level 3, -1/22 HPs)
             Began as a Gargoyle Gladiator on June 13, 2014.
             Slain by a hobgoblin
             ... wielding a +0,+0 club
              (3 damage)
             ... on Level 3 of the Dungeon.
             The game lasted 00:02:34 (1099 turns).

Psiweapon the Twirler (Gargoyle Gladiator)          Turns: 1099, Time: 00:02:35

HP  -1/22        AC  9     Str 18      XL: 3   Next: 43%
MP   3/3         EV 10     Int  8      God:
Gold 16          SH  0     Dex 11      Spells:  0 memorised,  2 levels left

rFire  . . .     SeeInvis .     a - +0 quarterstaff
rCold  . . .     Clarity  .     h - +0 ring mail
rNeg   + . .     rCorr    .     (no shield)
rPois  +         rRot     +     c - +0 helmet
rElec  +         Spirit   .     (no cloak)
SustAb .         Warding  .     (no gloves)
rMut   .         Stasis   .     (no boots)
Gourm  .                        (no amulet)
MR     .....                    (no ring)
                                (no ring)

@: not resistant to hostile enchantments, very unstealthy
A: life protection 1, electricity resistance, unbreathing, petrification
resistance, rot immunity, AC +3
a: no special abilities


You were on level 3 of the Dungeon.
You were hungry.

You visited 1 branch of the dungeon, and saw 3 of its levels.

You collected 16 gold pieces.

Inventory:

Hand weapons
 a - a +0,+0 quarterstaff (weapon)
Missiles
 d - 3 throwing nets (quivered)
 g - 16 poisoned needles
 i - 16 silver bolts
 l - 8 tomahawks
 o - 17 bolts
Armour
 b - a +0 leather armour
 c - a +0 helmet (worn)
 h - a +0 ring mail (worn)
Comestibles
 f - 2 bread rations
 j - a rotting chunk of bat flesh
Scrolls
 e - 2 scrolls of magic mapping {unknown}
 m - a scroll of fog {unknown}
 p - a scroll of immolation {unknown}
Potions
 k - a potion of lignification {unknown}
Books
 n - a book of Wizardry

   Spells                             Type                      Level
   Agony                              Necromancy                   5
   Force Lance                        Conjuration                  5
   Dispersal                          Translocation                6
   Haste                              Charms                       6
   Invisibility                       Hexes                        6
   Spellforged Servitor               Conjuration/Summoning        7


   Skills:
 + Level 2.8 Fighting
 + Level 3.5 Staves
 + Level 2.0 Throwing
 + Level 0.9 Armour
 + Level 2.6 Dodging
 + Level 0.2 Stealth


You had 2 spell levels left.
You didn't know any spells.

Dungeon Overview and Level Annotations

Branches:
Dungeon (3/15)

Altars:

Annotations:
D:2 Sigmund


Innate Abilities, Weirdness & Mutations

You are resistant to torment.
You are immune to poison.
Your stone body is very resilient (AC +3).
You resist negative energy.
You are resistant to electric shocks.
You can survive without breathing.
You are immune to petrification.
You are immune to rotting.


Message History

The gnoll barely misses you.
You hit the gnoll but do no damage. The gnoll hits you.
The goblin hits you but does no damage. The hobgoblin closely misses you.
The gnoll closely misses you.
Unknown command.
You barely miss the gnoll. The gnoll closely misses you.
The gnoll hits you but does no damage. The goblin barely misses you.
The hobgoblin closely misses you.
You hit the gnoll.
The gnoll is severely wounded.
The gnoll closely misses you. x2
The goblin hits you. The gnoll hits you but does no damage.
The hobgoblin hits you but does no damage.
You closely miss the gnoll.
The gnoll is severely wounded.
The gnoll hits you but does no damage. x2
The goblin hits you. The gnoll hits you with a halberd!
* * * LOW HITPOINT WARNING * * *
The hobgoblin hits you with a club.
You die...

...# #...#
#.$.#
####...#
........##
.........#
##.......###
.....?.ggg..#
#.)...g@.#.#
##....g..#.#
#)......#.#
#.......#.#
........##.#
.....####.#
#### #<# #.#
#.#


You could see 3 gnolls, a hobgoblin and a goblin.

Vanquished Creatures
  An adder (D:2)
  4 bats
  3 hobgoblins
  2 jackals
  5 kobolds
  A quokka (D:2)
  4 giant cockroaches
  A giant gecko (D:1)
  2 giant newts
  4 goblins
27 creatures vanquished.

Notes
Turn   | Place    | Note
--------------------------------------------------------------
     0 | D:1      | Psiweapon, the Gargoyle Gladiator, began the quest for the Orb.
     0 | D:1      | Reached XP level 1. HP: 12/12 MP: 1/1
    55 | D:2      | Noticed Sigmund
   489 | D:1      | Reached XP level 2. HP: 16/18 MP: 2/2
  1025 | D:2      | Reached XP level 3. HP: 19/22 MP: 3/3
  1099 | D:3      | Slain by a hobgoblin

Action                   || total
-------------------------++-------
Melee: Quarterstaff      ||    89
